 Dungeon Crawl Stone Soup version 0.31-a0-986-g5e6e4ef867 (webtiles) character file.

Game seed: 14962658586589292871

862306 miscthings the Sorcerer (level 27, -6/217 HPs)
             Began as a Djinni Conjurer on Nov 3, 2023.
             Was an Initiate of Gozag.
             Killed by dispel undead
             ... invoked by Gloorx Vloq
              (43 damage)
             ... in Pandemonium on Nov 4, 2023.
             The game lasted 04:17:44 (57904 turns).

miscthings the Sorcerer (Djinni Conjurer)          Turns: 57904, Time: 04:17:44

Health: -6/217     AC: 18    Str: 16    XL:     27
Gold:   5219       EV: 26    Int: 47    God:    Gozag SH: 17 Dex: 24

rFire   + + +        D - staff of Mutilation {rElec rN+ SInv Conj}
rCold   + + +        B - +2 shield of Resistance {rF++ rC++ Will++}
rNeg    + + +        T - +5 ring mail of Baldness {Int+6}
rPois   ∞            N - +2 helmet {Int+3}
rElec   +            W - scarf {repulsion}
rCorr   +            O - +0 pair of fencer's gloves {Riposte Dex+3}
SInv    +            (boots unavailable)
Will    +++++        X - amulet of Lucidity {+Blink rF- Regen+ rCorr Int+4}
Stlth   +++          L - ring "Databbay" {rC+ rN+ Str+6 Int+2}
HPRegen 1.36/turn    z - ring of Contentment {Ice Fly Int+3 Dex+4}
MPRegen 0.00/turn

%: repel missiles, infuse magic (-7 HP)
@: death-form, flying, studying 3 skills
A: vile attack, torment immunity, no potions, flying, sickness immunity, fire
resistance 3, cold vulnerability 1, float, innate caster, HP casting, extra
vitality 1, thin skeletal structure 1, strong-willed 1, strong 1
}: 9/15 runes: barnacled, slimy, silver, abyssal, demonic, glowing, magical,
fiery, gossamer
a: Siphon Essence, Begin Untransformation, Renounce Religion, Evoke Blink,
Potion Petition, Call Merchant, Bribe Branch


You were in Pandemonium.
You worshipped Gozag.
Gozag was greatly pleased with you.
You were an undying horror.
You visited 13 branches of the dungeon, and saw 53 of its levels.
You visited Pandemonium 3 times, and saw 14 of its levels.
You visited the Abyss 1 time.
You visited 1 ziggurat, and saw 19 of its levels.
You also visited: Ossuary, Gauntlet, Volcano, Wizlab and Desolation.

You collected 38178 gold pieces.
You spent 6329 gold pieces at shops.
You paid 26630 gold pieces to Gozag.

Inventory:

Hand Weapons
 f - the +6 Majin-Bo {spellvamp, MP+6 Int+6}
   (You took it off a Hellbinder in a wizard's laboratory)

   Int+6:     It affects your intelligence (+6).
   MP+6:      It affects your magic capacity (+6).
 Z - the +8 scimitar of Dithmenos's Envy {spect, rF+ rC+ Will+ Int+3}
   (You took it off a deep elf elementalist on level 3 of the Elven Halls)

   Int+3:     It affects your intelligence (+3).
   rF+:       It protects you from fire.
   rC+:       It protects you from cold.
   Will+:     It increases your willpower.
Missiles
 b - 17 curare-tipped darts
 v - 8 throwing nets
Armour
 B - the +2 shield of Resistance (worn) {rF++ rC++ Will++}
   (You found it on level 3 of the Elven Halls)

   rF++:      It greatly protects you from fire.
   rC++:      It greatly protects you from cold.
   Will++:    It greatly increases your willpower.
 F - the +4 scale mail of Fiveh {rPois rC+ Int+4 Stlth+}
   (You found it on level 3 of the Shoals)

   Int+4:     It affects your intelligence (+4).
   rC+:       It protects you from cold.
   rPois:     It protects you from poison Stlth+: It makes you more stealthy.
 N - a +2 helmet of intelligence (worn)
 O - the +0 pair of fencer's gloves (worn) {Riposte Dex+3}
   (You found it on level 7 of a ziggurat)

   Riposte:   It allows the wearer to riposte with melee weapons, swiftly
   retaliating against missed or blocked melee attacks.
   Dex+3:     It affects your dexterity (+3).
 T - the +5 ring mail of Baldness (worn) {Int+6}
   (You found it on level 2 of the Depths)

   Int+6:     It affects your intelligence (+6).
 W - a scarf of repulsion (worn)
Magical Staves
 D - the staff of Mutilation (weapon) {rElec rN+ SInv Conj}
   (You found it on level 5 of the Pits of Slime)

   [staff of conjuration]

   Base accuracy: +5 Base damage: 5 Base attack delay: 1.2 This weapon's minimum
   attack delay (0.6) is reached at skill level 12.
   rElec:     It insulates you from electricity.
   rN+:       It protects you from negative energy.
   SInv:      It lets you see invisible.
   Conj:      It increases the power of your Conjurations spells.
   It falls into the 'Staves' category.
   It is a one-handed weapon.
Jewellery
 c - the ring of Faqy {rElec Str+2 Int+4 SInv}
   (You found it on level 2 of the Spider Nest)

   [ring of see invisible]

   Str+2:     It affects your strength (+2).
   Int+4:     It affects your intelligence (+4).
   rElec:     It insulates you from electricity.
   SInv:      It lets you see invisible.
 q - a ring of protection from cold
 z - the ring of Contentment (right hand) {Ice Fly Int+3 Dex+4}
   (You found it on level 11 of a ziggurat)

   [ring of ice]

   Ice:       It enhances your ice magic.
   Int+3:     It affects your intelligence (+3).
   Dex+4:     It affects your dexterity (+4).
   rF-:       It makes you vulnerable to fire.
   rC+:       It protects you from cold.
   Fly:       It grants you flight.
 E - the ring of the Bouncing Loafs {rC+ rN+ AC+4 Int+5}
   (You found it in a wizard's laboratory)

   [ring of protection]

   AC+4:      It affects your AC (+4).
   Int+5:     It affects your intelligence (+5).
   rC+:       It protects you from cold.
   rN+:       It protects you from negative energy.
 L - the ring "Databbay" (left hand) {rC+ rN+ Str+6 Int+2}
   (You found it on level 13 of a ziggurat)

   [ring of strength]

   Str+6:     It affects your strength (+6).
   Int+2:     It affects your intelligence (+2).
   rC+:       It protects you from cold.
   rN+:       It protects you from negative energy.
 X - the amulet of Lucidity (around neck) {+Blink rF- Regen+ rCorr Int+4}
   (You found it on level 1 of the Elven Halls)

   [amulet of regeneration]

   Int+4:     It affects your intelligence (+4).
   rF-:       It makes you vulnerable to fire.
   +Blink:    It lets you blink.
   Regen+:    It increases your rate of health regeneration.
   rCorr:     It protects you from acid and corrosion.
 Y - the ring "Sezxoy" {rElec rN+ Will++}
   (You found it on level 3 of the Crypt)

   [ring of positive energy]

   rElec:     It insulates you from electricity.
   rN+:       It protects you from negative energy.
   Will++:    It greatly increases your willpower.
Talismans
 a - a talisman of death (active)
Wands
 h - a wand of charming (80)
 x - a wand of mindburst (71)
 y - a wand of quicksilver (72)
 I - a wand of roots (67)
 U - a wand of digging (17)
Scrolls
 j - 17 scrolls of revelation
 m - 17 scrolls of teleportation
 p - 5 scrolls of summoning
 t - 7 scrolls of immolation
 A - 12 scrolls of vulnerability
 C - 10 scrolls of fog
 H - 7 scrolls of enchant armour
 M - 8 scrolls of blinking
 Q - 9 scrolls of fear
 V - 10 scrolls of poison
Potions
 d - 5 potions of brilliance
 e - 5 potions of resistance
 g - 12 potions of curing
 k - 7 potions of heal wounds
 l - 11 potions of lignification
 n - 14 potions of might
 o - 13 potions of haste
 s - 2 potions of invisibility
 u - 9 potions of enlightenment
 w - 9 potions of mutation
 P - 12 potions of ambrosia
 R - 5 potions of cancellation
 S - 5 potions of attraction
Miscellaneous
 i - a lightning rod (4/4)
 r - a phantom mirror
 G - a tin of tremorstones (2/2)
 J - a box of beasts


   Skills:
 + Level 23.6 Fighting
 - Level 6.0 Throwing
 - Level 13.1 Armour
 - Level 20.0 Dodging
 - Level 1.5 Stealth
 - Level 15.0 Shields
 * Level 25.8 Spellcasting
 * Level 25.8 Conjurations
 * Level 25.8 Hexes
   Level 0.0 Charms
 * Level 25.8 Summonings
 * Level 25.8 Necromancy
 * Level 25.8 Translocations
 * Level 25.8 Transmutations
 * Level 25.8 Fire Magic
 * Level 25.8 Ice Magic
 * Level 25.8 Air Magic
 * Level 25.8 Earth Magic
 * Level 25.8 Poison Magic
 - Level 12.0 Evocations
 - Level 23.0 Shapeshifting


You knew the following spells:

 Your Spells              Type           Power      Damage    Failure   Level
a - Orb of Destruction    Conj           83%        9d18      0%          7
b - Maxwell's Capacitive  Air            70%        ∞         1%          8
c - Dazzling Flash        Conj/Hex       100%       N/A       0%          3
d - Iskenderun's Mystic   Conj/Tloc      100%       2d19      0%          4
e - Starburst             Conj/Fire      83%        6d21      0%          6
f - Enfeeble              Hex            70%        N/A       0%          7
g - Call Imp              Summ           100%       N/A       0%          2
h - Gell's Gravitas       Tloc           100%       N/A       0%          3
i - Passage of Golubria   Tloc           100%       N/A       0%          4
j - Magic Dart            Conj           100%       1d8       0%          1
k - Summon Small Mammal   Summ           100%       N/A       0%          1
l - Fulminant Prism       Conj/Hex       83%        3d33      0%          4
m - Monstrous Menagerie   Summ           70%        N/A       0%          7
n - Searing Ray           Conj           100%       2d8       0%          2
s - Polar Vortex          Ice            83%        12d11*    1%          9
v - Malign Gateway        Summ/Tloc      70%        N/A       0%          7
x - Fireball              Conj/Fire      83%        3d31      0%          5
z - Arcjolt               Conj/Air       83%        1d93      0%          5
Your spell library was empty.

Dungeon Overview and Level Annotations

Branches:
Dungeon (15/15)            Temple (1/1) D:5            Lair (5/5) D:10
 Shoals (4/4) Lair:3       Spider (4/4) Lair:2        Slime (5/5) Lair:5
    Orc (2/2) D:12            Elf (3/3) Orc:2        Vaults (5/5) D:13
  Crypt (3/3) Vaults:2       Tomb (0/3) Crypt:3      Depths (4/4) D:15
   Hell (visited)             Dis (0/7) Hell            Geh (0/7) Hell
    Coc (0/7) Hell            Tar (0/7) Hell            Zot (1/5) Depths:4
Ossuary (visited)         Volcano (visited)          WizLab (visited)
Desolation (visited)      Gauntlet (visited)

Altars:
Ashenzari
Cheibriados
Dithmenos
Elyvilon
Fedhas
Gozag
Hepliaklqana
Makhleb
Nemelex Xobeh
Okawaru
Qazlal
Ru
Trog
Uskayaw
Wu Jian
Xom
Yredelemnul
Zin
The Shining One

Shops:
D:6 [[   D:10 [   D:15 [   Orc:1 =   Orc:2 ==(=:   Elf:3 **   Lair:5 *
Shoals:1 *(   Spider:1 *   Vaults:4 *=   Vaults:5 =[   Crypt:3 [
Depths:1 (*([   Depths:2 [**   Depths:3 ?:

Portals:
Hell: Depths:1 Depths:2 Depths:3 Depths:4
Abyss: Depths:3
Pandemonium: Depths:2
Trove: Depths:3 (give 2 scrolls of acquirement)

Annotations:
Elf:2 3 runed translucent doors
Pan Gloorx Vloq


Innate Abilities, Weirdness & Mutations

You are an undying horror.
Your melee and unarmed attacks drain, slow and weaken victims.
You are immune to unholy pain and torment.
You cannot drink.
You are flying.
You are immune to sickness and miasma.
You are immune to poison.
Your flesh is almost immune to the effects of heat. (rF+++)
You are vulnerable to cold. (rC-)
You float through the air rather than walking.
You learn spells naturally, not from books.
Your magical power is your life essence.
You have superior vitality. (+4 MHP)
You have a somewhat thin skeletal structure. (Dex +2, Stealth+)
You are strong-willed. (Will+)
Your muscles are strong. (Str +4, Int/Dex -1)


Message History

Confirm with . or Enter, or press ? or * to list all spells.
You feel a surge of power!
A great freezing vortex appears around you.
Your surroundings suddenly seem different.
There is an exit through the horrors of the Abyss here.
The winds around you calm down.
You now have 5209 gold pieces (gained 17).
A harpy skeleton comes into view.
The harpy skeleton claws you but does no damage.
You block the harpy skeleton's attack.
You riposte.
You hit the harpy skeleton.
The harpy skeleton decays.
You blast the harpy skeleton!!
The harpy skeleton is severely damaged.
You block the harpy skeleton's attack.
You riposte.
You hit the harpy skeleton.
The harpy skeleton decays.
You blast the harpy skeleton!!
You destroy the harpy skeleton!
Casting: Polar Vortex (dangerous; 1% risk of failure)
Confirm with . or Enter, or press ? or * to list all spells.
You don't know that spell.
There is an open door here.
You now have 5219 gold pieces (gained 10).
Gloorx Vloq gestures at you.
You convulse!
Gloorx Vloq gestures at you.
You convulse!
There is an open door here.
Casting: Polar Vortex (dangerous; 1% risk of failure)
Confirm with . or Enter, or press ? or * to list all spells.
You begin accumulating electric charge. (Press . to continue charging.)
You feel charge building up... Gloorx Vloq barely misses you.
Gloorx Vloq gestures at you.
The poison arrow is repelled.
You feel charge building up... Gloorx Vloq gestures at you.
You convulse!
* * * LOW HITPOINT WARNING * * *
Gloorx Vloq gestures at you.
You convulse!
You die...
Your body crumbles into a pile of gold.

$.#..'............,#..#......#.##
.$...#...2........,#.........#.##
..#.######$.......*#####.....#.##
.....#.11.&.......,#..$......#.##
..#..#.1#########.,#..#......#.##
..$..#§.#......,*,,#.........#.##
.######$#......######.#......#.##
.....#11#,,*#...#..#...........##
..#..#..',,*,#.&z..#..#........##
.....#.$#.,,*#..#..#...........##
..#.######......#.######.....#.##
.....#..*.......#..#.........#...
..#..#..#########..#..#......#.##
..)..#.............#.........####
.######........######.#......#...
.....#.............#.........#.##
..#..#.............'..#......#.#


You could see Gloorx Vloq.

Vanquished Creatures
  Cerebov (Pan)
  the Royal Jelly (Slime:5)
  Mnoleg (Pan)
  Lom Lobon (Pan)
  4 dread liches
  4 pandemonium lords
  3 ancient liches
  2 orbs of fire (Zig:9)
  2 juggernauts (Depths:2)
  A royal mummy (Zig:13)
  Sojobo (Crypt:1)
  4 shard shrikes (Zig:14)
  A caustic shrike (Depths:3)
  Frederick (Vaults:4)
  Saint Roka (Depths:1)
  The ghost of Otufioz the Struggler, a veteran GnWn of Okawaru (Depths:2)
  Geryon (Hell)
  6 golden dragons
  A Hellbinder (WizLab)
  2 bone dragons
  Nikola (Shoals:2)
  Arachne (Spider:3)
  10 Brimstone Fiends
  A Tzitzimitl (Pan)
  3 shard shrike zombies
  5 tentacled monstrosities
  3 starcursed masses (Abyss:5)
  5 hellephants
  3 Ice Fiends
  6 liches
  12 titans
  Asterion (Spider:3)
  7 searing wretches
  19 Hell Sentinels
  2 walking frostbound tomes (Depths:2)
  4 deep elf master archers
  6 deep elf blademasters
  A quicksilver dragon (Zig:3)
  The ghost of Tollund the Metamorph, an adept TrSh of Cheibriados (Shoals:3)
  12 acid blobs
  Murray (Depths:3)
  A sphinx (shapeshifter) (Depths:3)
  A death cob (Zot:1)
  22 Executioners
  Polyphemus (Shoals:3)
  Kirke (Shoals:4)
  8 sphinxes
  8 shadow dragons
  3 ancient champions (Crypt:1)
  12 tengu reavers
  6 storm dragons
  15 nagarajas
  6 draconian monks
  Roxanne (Shoals:2)
  12 azure jellies
  Donald (Shoals:1)
  Ilsuiw (Shoals:2)
  A fenstrider witch (shapeshifter) (Vaults:5)
  13 rockslimes
  5 demonspawn warmongers
  3 revenants
  2 narguns (Zig:14)
  8 draconian knights
  13 frost giants
  7 ghost moths
  5 deep elf sorcerers
  34 balrugs
  9 draconian scorchers
  9 fire giants
  5 deep elf elementalists
  16 vault wardens
  An imperial myrmidon (Desolation)
  5 emperor scorpions (Spider:4)
  6 curse skulls
  6 draconian stormcallers
  8 orc warlords
  7 ghouls
  19 cacodemons
  2 spriggan defenders
  21 ironbound preservers
  7 demonspawn blood saints
  16 war gargoyles
  A caustic shrike skeleton (Hell)
  7 quicksilver oozes
  6 ironbound thunderhulks
  5 demonspawn corrupters
  10 reapers
  9 draconian annihilators
  The ghost of Liezuv the Severer, a journeyman HOFi of Beogh (Orc:1)
  A juggernaut skeleton (Pan)
  6 formless jellyfish
  6 vampire knights
  3 draconian shifters
  19 very ugly things
  2 green draconians
  The ghost of Yntoun the Severer, a journeyman HOFi of Beogh (D:11)
  22 stone giants
  The ghost of Etoax the Protected, a journeyman GrFi of Okawaru (Orc:1)
  Nessos (D:15)
  2 bennus (Zig:13)
  The ghost of Arex the Fighter, a journeyman HODe of Hepliaklqana (Orc:1)
  The ghost of Rutzi the Markskobold, a journeyman KoHu of Dithmenos (Orc:1)
  A halazid warlock (Desolation)
  3 purple draconians
  2 red draconians (Zig:19)
  10 lorocyprocas
  7 deep elf demonologists
  2 black draconians (Depths:4)
  15 spark wasps
  7 demonspawn black suns
  13 dire elephants
  A minotaur (Gauntlet)
  4 wendigos
  4 yellow draconians
  4 white draconians
  10 deep elf annihilators
  3 eidola (Zig:8)
  An iron golem (Hell)
  11 blizzard demons
  8 crystal guardians
  10 deep elf death magi
  Snorg (Orc:1)
  3 entropy weavers
  7 green deaths
  12 ettins
  4 deep elf high priests
  18 yaktaur captains
  18 merfolk impalers
  4 jiangshi
  7 mummy priests (Zig:13)
  10 merfolk javelineers
  7 ice dragons
  Harold (Orc:1)
  9 fire dragons
  7 great orbs of eyes
  5 rakshasas
  35 vault guards
  6 ragged hierophants (Desolation)
  12 peacekeepers
  7 salamander tyrants
  A caustic shrike simulacrum (Hell)
  5 servants of whispers (Desolation)
  5 ogre magi
  A fenstrider witch zombie (Crypt:2)
  2 anacondas (Zig:16)
  2 hydras
  7 merfolk aquamancers
  3 catoblepae
  12 boulder beetles
  4 death knights
  6 jorogumos
  5 merfolk avatars
  4 spriggan skeletons
  A stoker (Zig:7)
  20 centaur warriors
  6 tengu warriors
  15 ironbound frosthearts
  23 dancing weapons
  Erica (Lair:2)
  4 satyrs
  A fenstrider witch skeleton (Hell)
  6 hell beasts
  2 radroaches
  10 two-headed ogres
  2 deep troll shamans
  2 death yaks (Shoals:3)
  A nameless horror (Spider:1)
  2 death scarabs (Zig:13)
  2 naga warriors
  A two-headed ogre (shapeshifter) (Zig:1)
  7 deep troll earth magi
  15 hell hogs
  5 vampire magi
  25 demonic crawlers
  2 sphinx skeletons
  2 spriggan berserkers (Depths:2)
  9 naga sharpshooters
  5 occultists
  4 orc high priests
  86 sun demons
  6 deep elf knights
  22 soul eaters
  14 hell knights
  2 sun moths
  A crystal echidna (Hell)
  A titan zombie (Vaults:5)
  A wretched star (Abyss:4)
  10 skysharks
  A storm dragon zombie (Crypt:1)
  14 sixfirhies (Pan)
  5 shock serpents
  2 fire crabs (Zig:9)
  7 pharaoh ants
  21 skeletal warriors
  A titan skeleton (Crypt:3)
  2 goliath frogs (Lair:5)
  2 iron trolls
  2 salamander mystics
  A fire crab (shapeshifter) (Zig:12)
  3 flayed ghosts
  6 shadow demons
  9 shadow wraiths
  43 deep trolls
  10 orb spiders
  A glowing orange brain (shapeshifter) (Depths:3)
  6 bog bodies
  13 sea snakes
  A golden dragon zombie (Crypt:3)
  17 phantasmal warriors
  A golden dragon skeleton (Crypt:3)
  9 glowing orange brains
  8 arcanists
  A spriggan simulacrum (Hell)
  A naga ritualist (Zig:16)
  13 deep elf archers
  5 orange crystal statues
  20 deep elf zephyrmancers
  18 orc knights
  4 anaconda skeletons
  19 ironbound convokers
  8 lindwurms
  A mana viper (shapeshifter) (Vaults:5)
  16 necromancers
  23 deep elf pyromancers
  19 harpies
  A frost giant zombie (Depths:3)
  8 orc sorcerers
  7 steelbarb worms
  A wolf spider (shapeshifter) (Zig:12)
  A steelbarb worm (shapeshifter) (Vaults:5)
  A mana viper (Zig:3)
  A shining eye (shapeshifter) (Vaults:5)
  33 ugly things
  13 manticores
  2 tengu zombies
  18 cyclopes
  5 salamanders
  17 fauns
  A tengu skeleton (Zig:13)
  10 wolf spiders
  3 moths of wrath
  A human zombie (Crypt:3)
  A salamander (shapeshifter) (Elf:3)
  A jorogumo skeleton (Crypt:1)
  A centaur zombie (Crypt:1)
  2 apocalypse crabs
  A stone giant skeleton (Vaults:3)
  4 rust devils
  6 guardian serpents
  3 molten gargoyles (Desolation)
  A titan simulacrum (Zig:14)
  10 black mambas
  11 merfolk sirens
  An eye of devastation (shapeshifter) (Vaults:5)
  3 naga zombies (Crypt:3)
  3 elephants
  17 vault sentinels
  14 water nymphs
  2 elephants (shapeshifter)
  29 smoke demons
  4 naga magi
  9 torpor snails
  6 gargoyles
  19 orange demons
  29 cane toads
  2 yaktaur zombies (Vaults:3)
  3 unseen horrors
  An alligator snapping turtle zombie (Hell)
  6 freezing wraiths
  29 yaktaurs
  An eye of devastation (Slime:4)
  4 kobold demonologists (D:12)
  13 hellions
  3 rime drakes
  8 tormentors
  A dire elephant skeleton (Crypt:3)
  8 komodo dragons
  A yaktaur (shapeshifter) (D:13)
  A bunyip simulacrum (Hell)
  8 ice devils
  7 guardian mummies (Zig:13)
  5 red devils
  7 tengu conjurers
  A burning bush (Lair:3)
  7 efreet
  41 merfolk
  A polar bear (shapeshifter) (Abyss:5)
  10 meliai
  A wind drake (shapeshifter) (Vaults:5)
  18 hellwings
  A polar bear (Lair:3)
  A troll (shapeshifter) (D:14)
  8 trolls
  46 saltlings (Desolation)
  A shadow dragon simulacrum (Vaults:5)
  A hornet (D:10)
  An ancient zyme (Zig:5)
  A tyrant leech (Lair:5)
  A jumping spider zombie (Crypt:2)
  14 wind drakes
  13 tarantellas
  A tengu simulacrum (Zig:14)
  21 blink frogs
  5 glass eyes
  4 harpy skeletons
  13 snapping turtles
  7 air elementals
  25 water elementals
  39 flying skulls
  12 culicivoras
  4 shadows
  3 centaur simulacra
  6 ushabtiu (Zig:13)
  23 jumping spiders
  17 large abominations
  38 yaks
  2 spriggans (Lair:1)
  2 dire elephant simulacra (Hell)
  68 slime creatures
  8 wraiths
  22 ynoxinuls
  A fire bat (D:7)
  An ice dragon skeleton (Pan)
  3 fire elementals
  A satyr skeleton (Crypt:1)
  A black mamba skeleton (Pan)
  6 basilisks
  20 neqoxecs
  2 wyverns
  3 hogs (Shoals:4)
  8 humans
  Grum (Lair:1)
  4 golden eyes (Slime:4)
  12 chaos spawn
  23 redbacks
  9 vampire mosquitoes
  A redback (shapeshifter) (Depths:2)
  Menkaure (D:7)
  4 wargs
  A harpy simulacrum (Hell)
  4 nagas
  A skyshark zombie (Crypt:2)
  2 acid dragons
  2 glowing shapeshifter zombies
  3 hell hounds (Zig:9)
  27 orc warriors
  14 water moccasins
  A meliai simulacrum (D:14)
  An ogre skeleton (Vaults:3)
  2 manticore zombies
  An ice beast (D:6)
  2 sky beasts
  6 black bears
  A black bear (shapeshifter) (D:15)
  2 ettin simulacra (Crypt:1)
  27 wolves
  13 centaurs
  12 ogres
  3 phantoms
  A vine stalker zombie (Crypt:1)
  20 bullfrogs
  7 kobold brigands
  3 scorpions
  9 necrophages
  5 gnoll sergeants
  A glowing shapeshifter simulacrum (Depths:3)
  A wyvern zombie (Crypt:2)
  2 earth elementals
  A wyvern skeleton (Crypt:1)
  8 wights
  10 killer bees
  2 howler monkeys (D:4)
  8 electric eels
  A hound (D:5)
  4 jellies
  21 orc priests
  3 sleepcaps
  3 iguanas (D:6)
  Ijyb (D:3)
  20 orc wizards
  10 hell rats (Hell)
  A hound zombie (Crypt:1)
  12 mummies
  20 gnolls
  9 adders
  3 white imps
  6 ufetubi
  A lava snake skeleton (Crypt:2)
  A worm zombie (Crypt:1)
  An iguana skeleton (Crypt:2)
  3 dart slugs
  77 orcs
  10 endoplasms
  6 giant cockroaches
  3 gnoll zombies
  7 hobgoblins
  5 jackals
  21 kobolds
  2 quokkas
  A ball python (D:2)
  3 bats
  3 frilled lizards
  12 goblins
  2 hobgoblin zombies (Ossuary)
  A kobold zombie (Ossuary)
  3 orc zombies (Ossuary)
  6 rats
  3 fire vortices (Hell)
  6 fulminant prisms
3060 creatures vanquished.

Vanquished Creatures (collateral kills)
  2 golden dragons
  A balrug (Pan)
  A cacodemon (Pan)
  An ettin (Vaults:5)
  A quicksilver dragon zombie (Vaults:5)
  A hell hog (Hell)
  3 sun demons (Pan)
  A soul eater (Hell)
  A wolf spider (Spider:1)
  2 torpor snails (Spider:1)
  A komodo dragon (Lair:5)
  A yaktaur (Vaults:3)
  A tarantella (Spider:1)
  3 slime creatures (Vaults:3)
  2 redbacks
  A dart slug (D:4)
23 creatures vanquished.

Vanquished Creatures (others)
  7 eldritch tentacles
  A fire giant (Depths:2)
  A peacekeeper (Desolation)
  A stoker (Hell)
  A shadow demon (Zig:17)
  A steelbarb worm (Spider:4)
  2 wolf spiders
  A meliai (Spider:4)
  248 fulminant prisms
263 creatures vanquished.

Grand Total: 3346 creatures vanquished

Notes
Turn   | Place    | Note
-------+----------+-------------------------------------------
     0 | D:1      | miscthings the Djinni Conjurer began the quest for the Orb.
     0 | D:1      | miscthings set off with the following spells memorised:
                  | Magic Dart, Searing Ray, Dazzling Flash, Fulminant Prism,
                  | Iskenderun's Mystic Blast.
     0 | D:1      | Reached XP level 1. HP: 15/15 MP: 0/0
   279 | D:1      | Reached XP level 2. HP: 20/21 MP: 0/0
   340 | D:1      | You are sucked into a shaft and drop 1 floor!
   412 | D:2      | Reached XP level 3. HP: 16/25 MP: 0/0
   412 | D:2      | Learned a level 1 spell: Summon Small Mammal
   433 | D:3      | Noticed Ijyb
   433 | D:3      | Found a white marble altar of Elyvilon.
   442 | D:3      | Killed Ijyb
   484 | D:3      | Reached XP level 4. HP: 15/31 MP: 0/0
   530 | D:4      | Reached XP level 5. HP: 18/35 MP: 0/0
   530 | D:4      | Learned a level 2 spell: Call Imp
   577 | D:4      | Found a burning altar of Makhleb.
   578 | D:4      | Found a snail-covered altar of Cheibriados.
   622 | D:4      | Reached skill level 5 in Spellcasting
   622 | D:4      | Reached skill level 5 in Conjurations
   622 | D:4      | Reached skill level 5 in Hexes
   622 | D:4      | Reached skill level 5 in Summonings
   622 | D:4      | Reached skill level 5 in Necromancy
   622 | D:4      | Reached skill level 5 in Translocations
   622 | D:4      | Reached skill level 5 in Transmutations
   622 | D:4      | Reached skill level 5 in Fire Magic
   622 | D:4      | Reached skill level 5 in Ice Magic
   622 | D:4      | Reached skill level 5 in Air Magic
   622 | D:4      | Reached skill level 5 in Earth Magic
   622 | D:4      | Reached skill level 5 in Poison Magic
   626 | D:4      | Reached XP level 6. HP: 14/40 MP: 0/0
   769 | D:4      | Found a sand-covered staircase.
   778 | Ossuary  | Entered an ossuary
  1342 | D:4      | Reached XP level 7. HP: 41/45 MP: 0/0
  1342 | D:4      | Learned a level 3 spell: Gell's Gravitas
  1617 | D:5      | Entered Level 5 of the Dungeon
  1686 | D:5      | Found a staircase to the Ecumenical Temple.
  1695 | Temple   | Entered the Ecumenical Temple
  1828 | D:5      | Found an opulent altar of Gozag.
  1831 | D:5      | Became a worshipper of Gozag Ym Sagoz the Greedy
  1872 | D:5      | Found a broken altar of Ashenzari.
  3242 | D:3      | Reached XP level 8. HP: 31/50 MP: 0/0
  4353 | D:6      | Reached XP level 9. HP: 23/55 MP: 0/0
  4353 | D:6      | Learned a level 4 spell: Passage of Golubria
  4749 | D:6      | Bought a +0 helmet of see invisible for 138 gold pieces
  4880 | D:6      | Found Xuesaemul's Armour Emporium.
  5473 | D:7      | Noticed Joseph
  5485 | D:7      | Joseph changed into Joseph the fire bat
  5485 | D:7      | Noticed Joseph
  5490 | D:7      | Killed Joseph the fire bat
  5491 | D:7      | Reached skill level 1 in Fighting
  5491 | D:7      | Reached skill level 1 in Armour
  5491 | D:7      | Reached skill level 1 in Shields
  5491 | D:7      | Reached skill level 1 in Evocations
  5651 | D:7      | Noticed a two-headed ogre
  5654 | D:7      | Noticed a troll
  5657 | D:7      | Killed a two-headed ogre
  5657 | D:7      | Killed a troll
  5658 | D:7      | Reached XP level 10. HP: 48/66 MP: 0/0
  5728 | D:7      | Identified the +6 trident of Wariness {venom, Str+7}
  5771 | D:7      | Identified the +9 whip "Samaoq" {flame, Dex+7}
  6089 | D:7      | Noticed Menkaure
  6094 | D:7      | Killed Menkaure
  6182 | D:7      | Found a bloodstained altar of Trog.
  6459 | D:8      | Noticed a two-headed ogre
  6471 | D:8      | Killed a two-headed ogre
  6472 | D:8      | Reached skill level 5 in Dodging
  6486 | D:8      | Noticed a two-headed ogre
  6495 | D:8      | Killed a two-headed ogre
  6496 | D:8      | Reached skill level 10 in Spellcasting
  6496 | D:8      | Reached skill level 10 in Conjurations
  6496 | D:8      | Reached skill level 10 in Hexes
  6496 | D:8      | Reached skill level 10 in Summonings
  6496 | D:8      | Reached skill level 10 in Necromancy
  6496 | D:8      | Reached skill level 10 in Translocations
  6496 | D:8      | Reached skill level 10 in Transmutations
  6496 | D:8      | Reached skill level 10 in Fire Magic
  6496 | D:8      | Reached skill level 10 in Ice Magic
  6496 | D:8      | Reached skill level 10 in Air Magic
  6496 | D:8      | Reached skill level 10 in Earth Magic
  6496 | D:8      | Reached skill level 10 in Poison Magic
  6496 | D:8      | Reached XP level 11. HP: 71/73 MP: 0/0
  6496 | D:8      | Learned a level 5 spell: Arcjolt
  8294 | D:10     | Entered Level 10 of the Dungeon
  8301 | D:10     | Reached skill level 5 in Fighting
  8301 | D:10     | Reached skill level 5 in Armour
  8301 | D:10     | Reached skill level 5 in Shields
  8301 | D:10     | Reached skill level 5 in Evocations
  8325 | D:10     | Found Ceugygg's Antique Armour Boutique.
  8545 | D:10     | Found a staircase to the Lair.
  9085 | D:11     | Noticed a cyclops
  9163 | D:11     | Reached XP level 12. HP: 79/81 MP: 0/0
  9291 | D:11     | Identified the +9 mace "Masel" {flame, rN+}
  9331 | D:11     | Noticed an ogre mage
  9333 | D:11     | Noticed Yntoun's ghost (journeyman HOFi)
  9358 | D:11     | Found a runed translucent gate.
  9358 | D:11     | Found a runed translucent gate.
  9359 | D:11     | Found a runed translucent gate.
  9660 | D:6      | Bought the +5 ring mail "Kollumy" {rElec rC+} for 650 gold
                  | pieces
  9759 | D:12     | Identified the "Pusulom"
  9759 | D:12     | Identified the of Hoduletz
  9759 | D:12     | Identified the of Gaguosm
  9759 | D:12     | Identified the "Lifongakh"
  9759 | D:12     | Identified the of Tehojuda
  9759 | Lair:1   | Entered Level 1 of the Lair of Beasts
  9759 | Lair:1   | Noticed a catoblepas
  9778 | Lair:1   | Killed a catoblepas
  9955 | Lair:1   | Found a white marble altar of Elyvilon.
  9956 | Lair:1   | Identified a scroll of acquirement
  9957 | Lair:1   | Identified the "Tefakem" (You acquired it on level 1 of
                  | the Lair of Beasts)
  9957 | Lair:1   | Acquired a manual of Dodging
 10162 | Lair:1   | Noticed Grum
 10170 | Lair:1   | Killed Grum
 10632 | Lair:2   | Noticed Erica
 10637 | Lair:2   | Killed Erica
 10638 | Lair:2   | Reached XP level 13. HP: 79/90 MP: 0/0
 10638 | Lair:2   | Learned a level 5 spell: Fireball
 10663 | Lair:2   | Identified the +6 broad axe "Miol Onk" {drain, rElec Int+2}
 11054 | Lair:2   | Noticed a catoblepas
 11067 | Lair:2   | Killed a catoblepas
 11148 | Lair:2   | Found a hole to the Spider Nest.
 11152 | Lair:2   | Reached skill level 10 in Dodging
 11746 | Lair:3   | Found a runed translucent door.
 11855 | Lair:3   | Noticed a minotaur
 11861 | Lair:3   | a minotaur changed into a spark wasp
 11861 | Lair:3   | Noticed a spark wasp
 11871 | Lair:3   | Killed a spark wasp
 12039 | Lair:3   | Found a staircase to the Shoals.
 12353 | Lair:4   | Noticed a four-headed hydra
 12359 | Lair:4   | Killed a four-headed hydra
 12368 | Lair:4   | Reached XP level 14. HP: 33/99 MP: 0/0
 12534 | Lair:4   | Identified the +0 robe of the Wilderness {Slay+3}
 12583 | Lair:4   | Identified the +1 arbalest of Emynac {drain, rElec Str+4}
 12619 | Lair:4   | Identified the +5 quarterstaff "Qothrucri" {freeze, Fly
                  | Will- Str+2}
 12852 | Lair:4   | Identified the +0 cloak "Wocun" {rElec}
 13095 | Lair:5   | Entered Level 5 of the Lair of Beasts
 13446 | Lair:5   | Found a dark tunnel.
 13450 | Volcano  | Entered a volcano
 13605 | Volcano  | Noticed a stone giant
 13609 | Volcano  | Killed a stone giant
 13692 | Lair:5   | Bought a potion of attraction for 36 gold pieces
 14117 | Lair:5   | Found a staircase to the Slime Pits.
 14564 | D:11     | Reached XP level 15. HP: 92/107 MP: 0/0
 14564 | D:11     | Learned a level 6 spell: Starburst
 14575 | D:11     | Killed Yntoun's ghost
 14594 | D:11     | Identified the +6 trident "Kokkor" {flame, rC+}
 14605 | D:11     | Acquired a staff of conjuration
 14684 | D:12     | Found a gate leading to a gauntlet.
 14694 | Gauntlet | Entered a Gauntlet
 14694 | Gauntlet | Found a transporter.
 14703 | Gauntlet | Found a transporter.
 14721 | Gauntlet | Found a transporter.
 14724 | Gauntlet | Found a transporter.
 14745 | Gauntlet | Found a transporter.
 14758 | Gauntlet | Found a transporter.
 14772 | Gauntlet | Found a transporter.
 14801 | Gauntlet | Found a transporter.
 14801 | Gauntlet | Found a transporter.
 14806 | Gauntlet | Found a transporter.
 14840 | Gauntlet | Found a transporter.
 14840 | Gauntlet | Found a transporter.
 15086 | D:12     | Reached skill level 10 in Fighting
 15086 | D:12     | Reached skill level 10 in Evocations
 15236 | D:12     | Found a staircase to the Orcish Mines.
 15381 | D:12     | Noticed a tengu reaver
 15383 | D:12     | Noticed a Tzitzimitl
 15384 | D:12     | Killed a tengu reaver
 15401 | D:12     | Identified the staff of Gluttony {rElec rF+ Fire}
 15830 | Orc:1    | Entered Level 1 of the Orcish Mines
 15997 | Orc:2    | Entered Level 2 of the Orcish Mines
 15997 | Orc:2    | Found a staircase to the Elven Halls.
 16004 | Orc:1    | Noticed Snorg
 16019 | Orc:1    | Noticed Harold
 16025 | Orc:1    | Killed Snorg
 16039 | Orc:1    | Killed Harold
 16260 | Orc:1    | Found a runed translucent gate.
 16260 | Orc:1    | Found a runed translucent gate.
 16261 | Orc:1    | Found a runed translucent gate.
 16261 | Orc:1    | Noticed Rutzi's ghost (journeyman KoHu)
 16261 | Orc:1    | Noticed Arex's ghost (journeyman HODe)
 16263 | Orc:1    | Noticed Etoax's ghost (journeyman GrFi)
 16263 | Orc:1    | Noticed Liezuv's ghost (journeyman HOFi)
 16345 | Orc:1    | Killed Liezuv's ghost
 16346 | Orc:1    | Killed Arex's ghost
 16350 | Orc:1    | Killed Rutzi's ghost
 16356 | Orc:1    | Killed Etoax's ghost
 16637 | Orc:2    | Reached XP level 16. HP: 89/115 MP: 0/0
 16705 | Orc:2    | Found Ypuezes's Jewellery Emporium.
 16705 | Orc:2    | Found Giteteum's Book Shop.
 16711 | Orc:2    | Found Urol's Weapon Shop.
 16711 | Orc:2    | Found Benutit's Jewellery Emporium.
 16725 | Orc:2    | Bought the ring "Ysu Doim" {+Blink rC+++ rCorr Str-2 Dex+6}
                  | for 1209 gold pieces
 17354 | D:13     | Reached skill level 15 in Dodging
 17611 | D:13     | Gained mutation: You sometimes lose your temper in combat.
                  | [potion of mutation]
 17613 | D:13     | Lost mutation: You sometimes lose your temper in combat.
                  | [potion of mutation]
 17613 | D:13     | Gained mutation: Your body sometimes deteriorates upon
                  | taking damage. [potion of mutation]
 17613 | D:13     | Gained mutation: Your muscles are strong. (Str +4, Int/Dex
                  | -1) [potion of mutation]
 17613 | D:13     | Gained mutation: You have sharp fingernails. [potion of
                  | mutation]
 17619 | D:13     | Found a gate to the Vaults.
 18679 | D:15     | Entered Level 15 of the Dungeon
 18897 | D:15     | Noticed Nessos
 18901 | D:15     | Killed Nessos
 19406 | D:15     | Found a staircase to the Depths.
 19423 | D:15     | Bought an ichor-stained ring mail for 261 gold pieces
 19423 | D:15     | Identified the +1 ring mail "Nemnyal" {*Slow rPois Regen+
                  | Int+2} (You bought it in a shop on level 15 of the Dungeon)
 19564 | Vaults:5 | Identified the "Osmiaw"
 19564 | Depths:2 | Identified the "Gaitelau"
 19564 | WizLab   | Identified the "Yloutagg"
 19564 | WizLab   | Identified the of Woapria
 19564 | Elf:1    | Identified the of Imiurghyc
 19564 | Desolati | Identified the of Panongam
 19564 | Desolati | Identified the "Katosysy"
 19564 | Desolati | Identified the "Tilas"
 19564 | Desolati | Identified the of Foplyit
 19564 | Elf:1    | Entered Level 1 of the Elven Halls
 19598 | Elf:1    | Reached XP level 17. HP: 92/121 MP: 0/0
 19598 | Elf:1    | Learned a level 7 spell: Enfeeble
 19638 | Elf:1    | Identified the +2 chain mail of Lapsof {*Slow Int+5}
 19819 | Elf:1    | Found a crumbling gateway.
 19836 | Elf:1    | Identified the amulet of Lucidity {+Blink rF- Regen+ rCorr
                  | Int+4}
 19856 | Desolati | Entered the Desolation of Salt
 19965 | Desolati | HP: 4/123 [saltling (19)]
 20542 | Desolati | Identified the ring of Equilibrium {rCorr Dex+6 Slay+5}
 20544 | Desolati | Identified the amulet of Xom's Sleight of Hands {Spirit
                  | Contam rC+ Int+2 Stlth+}
 20556 | Desolati | Identified the +4 double sword of Yeast {spect, rPois rCorr
                  | Int-3 SInv}
 20625 | Desolati | Reached skill level 15 in Spellcasting
 20625 | Desolati | Reached skill level 15 in Conjurations
 20625 | Desolati | Reached skill level 15 in Hexes
 20625 | Desolati | Reached skill level 15 in Summonings
 20625 | Desolati | Reached skill level 15 in Necromancy
 20625 | Desolati | Reached skill level 15 in Translocations
 20625 | Desolati | Reached skill level 15 in Transmutations
 20625 | Desolati | Reached skill level 15 in Fire Magic
 20625 | Desolati | Reached skill level 15 in Ice Magic
 20625 | Desolati | Reached skill level 15 in Air Magic
 20625 | Desolati | Reached skill level 15 in Earth Magic
 20625 | Desolati | Reached skill level 15 in Poison Magic
 20640 | Desolati | Identified the +3 arbalest of a Labyrinth {penet, rC+ rN+
                  | Str+3 Int-2}
 21007 | Elf:1    | Reached skill level 10 in Shields
 21193 | Elf:1    | Upgraded the game from 0.31-a0-983-g7b6862f502 to
                  | 0.31-a0-986-g5e6e4ef867
 21239 | Elf:2    | Reached XP level 18. HP: 111/130 MP: 0/0
 21488 | Elf:2    | Found a runed translucent gate.
 21489 | Elf:2    | Found a runed translucent gate.
 21489 | Elf:2    | Found a runed translucent gate.
 21752 | Elf:3    | Identified the "Ysiwif"
 21752 | Elf:3    | Identified the "Mabaw"
 21752 | Elf:3    | Entered Level 3 of the Elven Halls
 21818 | Elf:3    | Found Nudiubb's Assorted Antiques.
 22171 | Elf:3    | Found Wuschian's CLEARANCE SALE!.
 22195 | Elf:3    | Bought a scroll of teleportation for 21 gold pieces
 22291 | Elf:3    | Noticed a deep elf blademaster
 22304 | Elf:3    | Killed a deep elf blademaster
 22306 | Elf:3    | Noticed a Brimstone Fiend
 22308 | Elf:3    | Noticed a deep elf blademaster
 22393 | Elf:3    | Identified the +8 scimitar of Dithmenos's Envy {spect, rF+
                  | rC+ Will+ Int+3}
 22419 | Elf:3    | Noticed a Hell Sentinel
 22426 | Elf:3    | Noticed a deep elf master archer
 22437 | Elf:3    | Killed a deep elf master archer
 22496 | Elf:3    | Killed a deep elf blademaster
 22652 | Elf:3    | Identified the +5 falchion "Dragonbane" {venom, rPois rN+
                  | Int-4 Stlth+}
 22659 | Elf:3    | Identified the staff of Pieha {rPois rC++ Str-3 Dex+2
                  | Poison}
 22718 | Elf:3    | Reached XP level 19. HP: 93/139 MP: 0/0
 22718 | Elf:3    | Learned a level 7 spell: Monstrous Menagerie
 22786 | Elf:3    | Identified the staff "Caoxki" {rPois rF+ Will- Str+2 Dex+4
                  | Poison}
 22915 | Elf:3    | Identified the ring "Fuoclode" {rPois rCorr Str+3}
 22950 | Elf:3    | Found the +2 shield of Resistance {rF++ rC++ Will++}
 23231 | Spider:1 | Entered Level 1 of the Spider Nest
 23293 | Spider:1 | Bought 3 scrolls of enchant armour for 427 gold pieces
 24142 | Spider:2 | Identified the "Houvascho" (You acquired it on level 2 of
                  | the Spider Nest)
 24142 | Spider:2 | Acquired 775 gold pieces
 24361 | Spider:2 | Identified the ring of Faqy {rElec Str+2 Int+4 SInv}
 25065 | Spider:3 | Noticed Arachne
 25074 | Spider:3 | Killed Arachne
 25144 | Spider:3 | Noticed Asterion
 25150 | Spider:3 | Killed Asterion
 25642 | Spider:4 | Entered Level 4 of the Spider Nest
 25717 | Spider:4 | Reached XP level 20. HP: 79/148 MP: 0/0
 26287 | Spider:4 | Identified the +0 pair of boots of the Prince of Darkness
                  | {+Inv}
 26289 | Spider:4 | Got a gossamer rune of Zot
 26553 | Shoals:1 | Entered Level 1 of the Shoals
 26553 | Shoals:1 | Found Jaicsuwk's Firing Range.
 26622 | Shoals:1 | Bought a scroll of poison for 48 gold pieces
 26660 | Shoals:1 | Reached skill level 15 in Fighting
 26721 | Shoals:1 | Noticed Donald
 26728 | Shoals:1 | Killed Donald
 27261 | Shoals:2 | Noticed Nikola
 27286 | Shoals:2 | Killed Nikola
 27363 | Shoals:2 | Noticed Ilsuiw
 27373 | Shoals:2 | Killed Ilsuiw
 27605 | Shoals:2 | Noticed Roxanne
 27648 | Shoals:2 | Killed Roxanne
 28079 | Shoals:3 | Noticed Polyphemus
 28088 | Shoals:3 | Killed Polyphemus
 28379 | Shoals:3 | Noticed Tollund's ghost (adept TrSh)
 28397 | Shoals:3 | Found a transporter.
 28422 | Shoals:3 | Reached XP level 21. HP: 135/156 MP: 0/0
 28422 | Shoals:3 | Learned a level 7 spell: Orb of Destruction
 28451 | Shoals:3 | Found a transporter.
 28467 | Shoals:3 | Found a transporter.
 28470 | Shoals:3 | Found a transporter.
 28480 | Shoals:3 | Found a transporter.
 28501 | Shoals:3 | Found a transporter.
 28674 | Shoals:3 | Found a transporter.
 28708 | Shoals:3 | Found a transporter.
 28850 | Shoals:3 | Killed Tollund's ghost
 28863 | Shoals:3 | Identified the +4 scale mail of Fiveh {rPois rC+ Int+4
                  | Stlth+}
 29000 | Shoals:4 | Entered Level 4 of the Shoals
 29000 | Shoals:4 | Found a stormy altar of Qazlal.
 29100 | Shoals:4 | Found a burning altar of Makhleb.
 29346 | Shoals:4 | Identified the +2 great sword of Disgust {flame, rPois
                  | Str+3}
 29385 | Shoals:4 | Identified the staff of Subjectivity {rPois rN+ Will- rCorr
                  | Int+4 Necro}
 29430 | Shoals:4 | Got a barnacled rune of Zot
 29659 | Shoals:4 | Found a stormy altar of Qazlal.
 29683 | Shoals:4 | Noticed Kirke
 29688 | Shoals:4 | Killed Kirke
 29843 | Slime:1  | Entered Level 1 of the Pits of Slime
 29965 | Slime:5  | Identified the "Fiboutur"
 29965 | Slime:5  | Entered Level 5 of the Pits of Slime
 31101 | Slime:5  | Noticed the Royal Jelly
 31116 | Slime:5  | Killed the Royal Jelly
 31193 | Slime:5  | Reached XP level 22. HP: 122/164 MP: 0/0
 31273 | Slime:5  | Identified the staff of Mutilation {rElec rN+ SInv Conj}
 31332 | Slime:5  | Identified the +6 spear of Due Proportion {venom, SInv}
 31343 | Slime:5  | Identified the +2 plate armour of Greed {Will++ Str+3}
 31359 | Slime:5  | Reached skill level 10 in Armour
 31398 | Slime:5  | Identified the staff of Ointment {rElec rCorr Air}
 31399 | Slime:5  | Identified the +0 trident of Zooroukk {speed, MP+9}
 31419 | Slime:5  | Got a slimy rune of Zot
 31905 | Vaults:1 | Entered Level 1 of the Vaults
 32040 | Depths:1 | Entered Level 1 of the Depths
 32059 | Depths:1 | Noticed Saint Roka
 32139 | Depths:1 | Found a snail-covered altar of Cheibriados.
 32162 | Depths:1 | Killed Saint Roka
 32268 | Depths:1 | Found Notetimm's Antique Weapon Shop.
 32270 | Depths:1 | Found Isorr's Assorted Antiques.
 32272 | Depths:1 | Found Ithes's Weapon Shop.
 32278 | Depths:1 | Bought a steaming staff for 782 gold pieces
 32278 | Depths:1 | Identified the staff of Xuario Sanga {rF- rN+ Int+2 Dex+3
                  | Conj} (You bought it in a shop on level 1 of the Depths)
 32305 | Depths:1 | Bought a spiked ring mail for 324 gold pieces
 32305 | Depths:1 | Identified the +1 ring mail "Lookaumn" {*Slow rN+ Dex+3}
                  | (You bought it in a shop on level 1 of the Depths)
 32306 | Depths:1 | Bought a distressingly furry ring mail for 324 gold pieces
 32306 | Depths:1 | Identified the +2 ring mail of the Pit {rPois rN++} (You
                  | bought it in a shop on level 1 of the Depths)
 32429 | Depths:1 | Found a gateway to Hell.
 33279 | Orc:2    | Bought a talisman of death for 1200 gold pieces
 33488 | Depths:2 | Noticed a golden dragon
 33493 | Depths:2 | Killed a golden dragon
 33596 | Depths:2 | Reached skill level 1 in Shapeshifting
 33956 | Depths:2 | Found a transporter.
 33973 | Depths:2 | Identified the +5 ring mail of Baldness {Int+6}
 34038 | Depths:2 | Identified the +4 quarterstaff "Cucwekan" {antimagic,
                  | *Corrode rPois rC+++ Will-}
 34123 | Depths:2 | Found a one-way gateway to a ziggurat.
 34221 | Depths:2 | Identified the ring "Tinleass" {rElec MP-9 Str+6 Dex+2}
 34222 | Depths:2 | Noticed a juggernaut
 34232 | Depths:2 | Found a bloodstained altar of Trog.
 34232 | Depths:2 | Noticed Otufioz's ghost (veteran GnWn)
 34233 | Depths:2 | Noticed a juggernaut
 34251 | Depths:2 | Found a transporter.
 34366 | Depths:2 | Reached XP level 23. HP: 63/172 MP: 0/0
 34366 | Depths:2 | Learned a level 7 spell: Malign Gateway
 34379 | Depths:2 | Found a one-way gate leading to the halls of Pandemonium.
 34405 | Depths:2 | Noticed a golden dragon
 34419 | Depths:2 | Killed a golden dragon
 34593 | Depths:2 | Identified the ring of the Pariah {rCorr Str+6}
 34962 | Depths:3 | Found a portal to a secret trove of treasure.
 35028 | Depths:3 | Found a one-way gate to the infinite horrors of the Abyss.
 35037 | Depths:3 | Identified the +12 great sword of Doubt {venom, rN+}
 35074 | Depths:3 | Found Pahoas's Book Emporium.
 35074 | Depths:3 | Found Zusys's Magic Scroll Shoppe.
 35116 | Depths:3 | Bought a scroll of teleportation for 30 gold pieces
 35116 | Depths:3 | Bought a scroll of enchant armour for 75 gold pieces
 35116 | Depths:3 | Bought a scroll of vulnerability for 40 gold pieces
 35201 | Depths:3 | Noticed a caustic shrike
 35212 | Depths:3 | Killed a caustic shrike
 35454 | Depths:3 | Noticed a golden dragon
 35463 | Depths:3 | Killed a golden dragon
 35468 | Depths:3 | Reached skill level 5 in Shapeshifting
 35589 | Depths:4 | Entered Level 4 of the Depths
 35720 | Depths:4 | Found a magical portal.
 35733 | WizLab   | Entered The Hall of the Hellbinder
 36121 | WizLab   | Noticed Xeicval
 36157 | WizLab   | Killed Xeicval the Hellbinder
 36171 | WizLab   | Found a burning altar of Makhleb.
 36187 | WizLab   | Identified the ring of the Everdark {rC+ Int+3}
 36211 | WizLab   | Identified the ring of the Bouncing Loafs {rC+ rN+ AC+4
                  | Int+5}
 36746 | Depths:4 | Found a gate to the Realm of Zot.
 36810 | Depths:4 | Reached XP level 24. HP: 139/181 MP: 0/0
 36941 | Zot:1    | Entered Level 1 of the Realm of Zot
 38659 | Vaults:2 | Found a staircase to the Crypt.
 39450 | Vaults:2 | Reached XP level 25. HP: 178/189 MP: 0/0
 39450 | Vaults:2 | Learned a level 8 spell: Maxwell's Capacitive Coupling
 40058 | Vaults:3 | Reached skill level 15 in Shields
 41609 | Vaults:4 | Bought a jewelled leather armour for 252 gold pieces
 41609 | Vaults:4 | Identified the +0 leather armour "Kydo" {Dex+4 SInv} (You
                  | bought it in a shop on level 4 of the Vaults)
 41635 | Vaults:4 | Reached skill level 10 in Shapeshifting
 41654 | Vaults:4 | Found the +10 dark maul {heavy}
 41664 | Vaults:4 | Identified the staff "Orb Guardian's Curse" {Str+2 Dex+3
                  | Earth}
 41843 | Vaults:4 | Noticed Frederick
 41846 | Vaults:4 | Killed Frederick
 41954 | Vaults:5 | Entered Level 5 of the Vaults
 41958 | Vaults:5 | Reached XP level 26. HP: 198/198 MP: 0/0
 42477 | Vaults:5 | Noticed a dread lich
 42489 | Vaults:5 | Killed a dread lich
 42514 | Vaults:5 | Got a silver rune of Zot
 42577 | Vaults:5 | Identified the ring "Lyulux" {rElec rN+ Str+3 Stlth+}
 42578 | Vaults:5 | Noticed an ancient lich
 42585 | Vaults:5 | Killed an ancient lich
 42598 | Vaults:5 | Identified the orb of the Stone Wall {mayhem, Harm +Inv
                  | Regen+ Int-3}
 43796 | Vaults:5 | Reached XP level 27. HP: 196/205 MP: 0/0
 43796 | Vaults:5 | Learned a level 9 spell: Polar Vortex
 43814 | Vaults:5 | Identified the +10 quarterstaff "Ycojogil" {freeze, rN++}
 43846 | Vaults:5 | Identified the +11 quarterstaff "Fuzeesi" {drain, Drain
                  | rElec rC++ SInv}
 43849 | Vaults:5 | Identified the staff "Tied" {rF+ rCorr Str+5 Dex-4 Fire}
 43850 | Vaults:5 | Identified the +1 pair of boots of Charity {MP+9 Str+2}
 43852 | Vaults:5 | Identified the +5 scale mail "Toudgh" {rF+ Str-4 Int+2
                  | Dex+3}
 43873 | Vaults:5 | Identified the amulet "Nyanlof" {Reflect rC- Dex+7 SH+5}
 43910 | Vaults:5 | Identified the +5 dagger of the Head {vamp, rF+}
 43940 | Vaults:5 | Bought an ancient ring mail for 225 gold pieces
 43940 | Vaults:5 | Identified the +3 ring mail of the Black Skies {rElec MP+9
                  | Str+2 Dex+4} (You bought it in a shop on level 5 of the
                  | Vaults)
 44329 | Depths:3 | Voluntarily entered the Abyss.
 44349 | Abyss:1  | Found a corrupted altar of Lugonu.
 44456 | Abyss:4  | Gained mutation: Your body often deteriorates upon taking
                  | damage. [a neqoxec]
 44509 | Abyss:5  | Gained mutation: You sometimes lose your temper in combat.
                  | [a neqoxec]
 44516 | Abyss:5  | Got an abyssal rune of Zot
 44537 | Depths:3 | Escaped the Abyss
 44539 | Depths:3 | Lost mutation: You sometimes lose your temper in combat.
                  | [potion of mutation]
 44539 | Depths:3 | Lost mutation: Your muscles are strong. (Str +4, Int/Dex
                  | -1) [potion of mutation]
 44539 | Depths:3 | Gained mutation: You passively map a small area around you.
                  | [potion of mutation]
 44539 | Depths:3 | Gained mutation: You passively map the area around you.
                  | [potion of mutation]
 44601 | Hell     | Entered the Vestibule of Hell
 44602 | Hell     | Noticed Geryon
 44611 | Hell     | Killed Geryon
 44622 | Hell     | Noticed Murray
 44632 | Hell     | Reached skill level 15 in Shapeshifting
 45014 | Depths:3 | Killed Murray
 45323 | Hell     | Found a gateway to the ashen valley of Gehenna.
 45357 | Hell     | Found a gateway to the Iron City of Dis.
 45696 | Hell     | Found a gateway to the decaying netherworld of Tartarus.
 45753 | Hell     | Found a gateway to the freezing wastes of Cocytus.
 45892 | Tomb:3   | Identified the of Hyovirar
 45892 | Tar:7    | Identified the "Zupnex"
 45892 | Tar:7    | Identified the of Foevitho
 45892 | Dis:7    | Identified the "Equon"
 45892 | Dis:7    | Identified the of Fokhaq
 45892 | Geh:7    | Identified the of Toddoxao
 45892 | Pan      | Entered Pandemonium
 45941 | Pan      | Gained mutation: You occasionally lose the ability to read
                  | scrolls when taking damage. [a cacodemon]
 45945 | Pan      | Gained mutation: You sometimes lose your temper in combat.
                  | [a cacodemon]
 45948 | Pan      | Gained mutation: You have hidden genetic defects. [a
                  | cacodemon]
 46776 | Pan      | Gained mutation: You occasionally lose the ability to drink
                  | potions when taking damage. [hidden defects]
 46882 | Pan      | Noticed Maomijan the pandemonium lord
 47076 | Pan      | Reached skill level 1 in Throwing
 47643 | Pan      | Gained mutation: You have terrible hidden genetic defects.
                  | [hidden defects]
 47643 | Pan      | Lost mutation: You have terrible hidden genetic defects.
                  | [hidden defects expressed]
 47646 | Pan      | Lost mutation: You occasionally lose the ability to drink
                  | potions when taking damage. [potion of mutation]
 47646 | Pan      | Lost mutation: You occasionally lose the ability to read
                  | scrolls when taking damage. [potion of mutation]
 47646 | Pan      | Lost mutation: You have hidden genetic defects. [potion of
                  | mutation]
 47646 | Pan      | Gained mutation: You expend health (3 HP) to strengthen
                  | your wands. [potion of mutation]
 47694 | Pan      | Killed Maomijan the pandemonium lord
 48815 | Pan      | Identified the of Qoma
 48815 | Pan      | Identified the "Weigac"
 48902 | Pan      | Noticed Xanab the pandemonium lord
 49041 | Pan      | Reached skill level 5 in Throwing
 49072 | Depths:2 | Escaped Pandemonium
 49223 | Depths:2 | Killed Otufioz's ghost
 49228 | Depths:2 | Killed a juggernaut
 49230 | Depths:2 | Killed a juggernaut
 49567 | Crypt:1  | Entered Level 1 of the Crypt
 49574 | Crypt:1  | Found a basalt altar of Yredelemnul.
 50196 | Crypt:1  | Noticed Sojobo
 50200 | Crypt:1  | Killed Sojobo
 50243 | Crypt:1  | Identified the +7 long sword of Ufihote {freeze, MP+9 Str-4
                  | Int+8 Dex+4}
 51135 | Crypt:3  | Entered Level 3 of the Crypt
 51293 | Crypt:3  | Found a staircase to the Tomb.
 51347 | Crypt:3  | Noticed an ancient lich
 51349 | Crypt:3  | Found a basalt altar of Yredelemnul.
 51351 | Crypt:3  | Killed an ancient lich
 51425 | Crypt:3  | Identified the +1 orcbow of Earthquakes {drain, Will+ Int-5
                  | SInv}
 52144 | Crypt:3  | Identified the +1 ring mail of Insatiable Hunger {Dex+7
                  | Slay-4}
 52220 | Crypt:3  | Identified the ring "Nigawui" {rF+ rC- rCorr Int-4 Dex+9}
 52303 | Crypt:3  | Identified the ring "Sezxoy" {rElec rN+ Will++}
 52303 | Crypt:3  | Identified the ring "Zeib Udaf" {rN+ Stlth+}
 52303 | Crypt:3  | Identified the ring of Uskayaw's Grace {rPois rC- rN+
                  | Int+4}
 52682 | Zig:1    | Entered Level 1 of a ziggurat
 52708 | Zig:2    | Entered Level 2 of a ziggurat
 52745 | Zig:3    | Entered Level 3 of a ziggurat
 52781 | Zig:4    | Entered Level 4 of a ziggurat
 52809 | Zig:4    | Identified the ring "Bioq" {Ice rCorr SInv}
 52821 | Zig:5    | Entered Level 5 of a ziggurat
 52862 | Zig:5    | Identified the +7 short sword of Fimbulwinter {drain,
                  | *Noise rN+ Dex+2}
 52899 | Zig:6    | Identified the of Xahyffoe
 52899 | Zig:6    | Entered Level 6 of a ziggurat
 52957 | Zig:7    | Entered Level 7 of a ziggurat
 52962 | Zig:7    | Found the +0 pair of fencer's gloves {Riposte Dex+3}
 52991 | Zig:7    | Identified the ring "Anubeleh" {rF++ Int+2 SInv}
 53053 | Zig:8    | Entered Level 8 of a ziggurat
 53116 | Zig:8    | Identified the amulet "Zuntoa" {rElec rC+ Regen+ Str-4
                  | Dex+3}
 53184 | Zig:9    | Entered Level 9 of a ziggurat
 53189 | Zig:9    | Noticed an orb of fire
 53190 | Zig:9    | Noticed an orb of fire
 53194 | Zig:9    | Gained mutation: You are partially covered in iridescent
                  | scales. (AC +2) [an orb of fire]
 53194 | Zig:9    | Gained mutation: Armour fits poorly on your strangely
                  | shaped body. [an orb of fire]
 53196 | Zig:9    | Killed an orb of fire
 53196 | Zig:9    | Killed an orb of fire
 53233 | Zig:9    | Identified the +0 arbalest "Zeducs" {penet, Str+2}
 53241 | Zig:10   | Entered Level 10 of a ziggurat
 53312 | Zig:11   | Entered Level 11 of a ziggurat
 53326 | Zig:11   | Found the +3 giant club "Skullcrusher" {speed, Str+7}
 53334 | Zig:11   | Identified the ring of Contentment {Ice Fly Int+3 Dex+4}
 53392 | Zig:11   | Identified the +5 war axe of Pinonlaw {venom, Str+3}
 53400 | Zig:11   | Lost mutation: Armour fits poorly on your strangely shaped
                  | body. [potion of mutation]
 53400 | Zig:11   | Lost mutation: You sometimes lose your temper in combat.
                  | [potion of mutation]
 53400 | Zig:11   | Lost mutation: You expend health (3 HP) to strengthen your
                  | wands. [potion of mutation]
 53400 | Zig:11   | Gained mutation: You are agile. (Dex +4, Str/Int -1)
                  | [potion of mutation]
 53401 | Zig:11   | Lost mutation: Your body often deteriorates upon taking
                  | damage. [potion of mutation]
 53401 | Zig:11   | Lost mutation: Your body sometimes deteriorates upon taking
                  | damage. [potion of mutation]
 53401 | Zig:11   | Lost mutation: You passively map the area around you.
                  | [potion of mutation]
 53401 | Zig:11   | Gained mutation: You have hidden genetic potential. [potion
                  | of mutation]
 53406 | Zig:12   | Entered Level 12 of a ziggurat
 53415 | Zig:12   | Noticed an ancient lich
 53415 | Zig:12   | Noticed a dread lich
 53415 | Zig:12   | Noticed a dread lich
 53418 | Zig:12   | Noticed a dread lich
 53421 | Zig:12   | Killed a dread lich
 53421 | Zig:12   | Killed an ancient lich
 53421 | Zig:12   | Killed a dread lich
 53433 | Zig:12   | Killed a dread lich
 53503 | Zig:13   | Entered Level 13 of a ziggurat
 53511 | Zig:13   | Noticed a royal mummy
 53518 | Zig:13   | Killed a royal mummy
 53577 | Zig:13   | Identified the +9 plate armour "Emyiggev" {Rampage Regen+
                  | Slay+3}
 53585 | Zig:13   | Identified the +4 quarterstaff of Inquiry {vamp, *Rage rN++
                  | Dex+3}
 53612 | Zig:13   | Identified the ring "Databbay" {rC+ rN+ Str+6 Int+2}
 53643 | Zig:14   | Identified the of Neec
 53643 | Zig:14   | Identified the "Peakluzi"
 53643 | Zig:14   | Entered Level 14 of a ziggurat
 53659 | Zig:14   | Noticed a shard shrike
 53661 | Zig:14   | Noticed a shard shrike
 53666 | Zig:14   | Killed a shard shrike
 53666 | Zig:14   | Noticed a shard shrike
 53666 | Zig:14   | Noticed a shard shrike
 53667 | Zig:14   | Killed a shard shrike
 53669 | Zig:14   | Killed a shard shrike
 53677 | Zig:14   | Killed a shard shrike
 53729 | Zig:14   | Found the +8 frozen axe "Frostbite" {freeze, freezing
                  | cloud, *Noise Fly rC+}
 53754 | Zig:15   | Identified the "Tosewi"
 53754 | Zig:15   | Identified the of Jajeot
 53754 | Zig:15   | Entered Level 15 of a ziggurat
 53768 | Zig:15   | Found the +11 Singing Sword {sonic wave}
 53855 | Zig:15   | Identified the +6 plate armour of Precision Catastrophes
                  | {+Blink Dex+3}
 53856 | Zig:15   | Identified the +0 scale mail of Autumn {rC+ rN+}
 53881 | Zig:16   | Entered Level 16 of a ziggurat
 53895 | Zig:16   | Found the +8 arc blade {discharge, rElec}
 53905 | Zig:16   | Identified the +2 leather armour of Soft Rains {*Corrode
                  | rF+ MP+9}
 53906 | Zig:16   | Identified the ring of Miody {rN++ Will++ Str+6 Slay-4}
 53910 | Zig:16   | Identified the +10 chain mail "Vaihoug" {Harm rPois rF-
                  | Str-2 Int+8}
 53923 | Zig:16   | Identified the +6 lajatang of Intuition {freeze, Dex+2
                  | Stlth+}
 53927 | Zig:16   | Identified the +9 arbalest of Fepnuo {drain, rPois Int+3}
 54005 | Zig:17   | Entered Level 17 of a ziggurat
 54015 | Zig:17   | Noticed Fownigef the pandemonium lord
 54032 | Zig:17   | Killed Fownigef the pandemonium lord
 54082 | Zig:17   | Found the +8 storm bow {elec, penet}
 54088 | Zig:17   | Identified the staff "Wuiriol" {rPois Int+2 Dex+2 Poison}
 54177 | Zig:18   | Entered Level 18 of a ziggurat
 54228 | Zig:18   | Identified the +8 quarterstaff "Embalmer" {antimagic, Will+
                  | Str+2}
 54248 | Zig:18   | Identified the +1 trident "Det Effi" {spect, rF+ Stlth+}
 54254 | Zig:18   | Identified the +5 spear of the Five Prophets {protect,
                  | Int+3 Dex+5}
 54272 | Zig:18   | Identified the +2 glaive "Luppon" {flame, rC+ MP+9 Str+2}
 54316 | Zig:19   | Identified the "Katiujem"
 54316 | Zig:19   | Identified the of Puurchut
 54316 | Zig:19   | Entered Level 19 of a ziggurat
 54406 | Zig:19   | Identified the +7 dagger of Brawling {freeze, rN+++ Str-3
                  | Int+4}
 54407 | Zig:19   | Identified the +0 plate armour "Buoliewn" {Rampage rF+}
 54408 | Zig:19   | Identified the amulet of Kuor {Faith rPois Int+6}
 54411 | Zig:19   | Identified the +2 chain mail of Giotzaux {Rampage rN+
                  | Int+3}
 54474 | Depths:2 | Bought an encrusted leather armour for 287 gold pieces
 54474 | Depths:2 | Identified the +0 leather armour of Wium {rElec Slay+2
                  | Stlth+} (You bought it in a shop on level 2 of the Depths)
 54529 | Pan      | Entered Pandemonium
 54665 | Pan      | Found an exit through the horrors of the Abyss.
 54747 | Pan      | Noticed Xeol the pandemonium lord
 54787 | Pan      | Killed Xeol the pandemonium lord
 54998 | Pan      | Identified the "Hituzude"
 55315 | Pan      | Noticed Touh the pandemonium lord
 55324 | Pan      | Killed Touh the pandemonium lord
 55359 | Pan      | Found a runed translucent door.
 55398 | Pan      | Got a demonic rune of Zot
 55417 | Pan      | Entered the realm of Lom Lobon.
 55606 | Pan      | Gained mutation: You passively map the area around you.
                  | [hidden potential]
 55606 | Pan      | Lost mutation: You have hidden genetic potential. [hidden
                  | potential expressed]
 55735 | Pan      | Noticed Lom Lobon
 55740 | Pan      | Killed Lom Lobon
 55803 | Pan      | Got a magical rune of Zot
 55909 | Pan      | Identified the of Mionkah
 55909 | Pan      | Entered the realm of Cerebov.
 56036 | Pan      | Identified the +5 demon whip "Giantbane" {flame, Dex+2}
 56074 | Pan      | Found the +6 sword of Cerebov {flame}
 56074 | Pan      | Noticed Cerebov
 56085 | Pan      | Killed Cerebov
 56128 | Pan      | Got a fiery rune of Zot
 56236 | Pan      | Identified the +3 ring mail of Wu Jian's Delight {Rampage
                  | Dex+3 Stlth+}
 56258 | Pan      | Identified the +2 flail "Worm's Wrath" {heavy, Str+4}
 56336 | Pan      | Identified the staff "Ewkuk" {rF+ rC- rN+ Int+3 Necro}
 56337 | Pan      | Identified the ring "Bavaekle" {rCorr AC+4}
 56427 | Pan      | Identified the ring of Xalean {Fly rF+ rCorr Int+6}
 56433 | Pan      | Identified the +11 broad axe of Honesty {heavy, +Blink rN+
                  | Str+6 Dex-3}
 56436 | Pan      | Identified the +5 great sword of the Shore {drain, *Rage
                  | rN++ Int+2}
 56484 | Pan      | Identified the +3 great mace "Byzef" {flame, Fly Will-
                  | Int+2 SInv}
 56592 | Pan      | Gained mutation: You are frail. (-10% HP) [a cacodemon]
 56601 | Pan      | Lost mutation: You are agile. (Dex +4, Str/Int -1) [potion
                  | of mutation]
 56601 | Pan      | Lost mutation: You are partially covered in iridescent
                  | scales. (AC +2) [potion of mutation]
 56601 | Pan      | Lost mutation: You have sharp fingernails. [potion of
                  | mutation]
 56602 | Pan      | Lost mutation: You are frail. (-10% HP) [potion of
                  | mutation]
 56602 | Pan      | Lost mutation: You passively map the area around you.
                  | [potion of mutation]
 56602 | Pan      | Gained mutation: You have supernaturally acute eyesight.
                  | (SInv) [potion of mutation]
 56602 | Pan      | Gained mutation: You are strong-willed. (Will+) [potion of
                  | mutation]
 56603 | Pan      | Lost mutation: You are strong-willed. (Will+) [potion of
                  | mutation]
 56603 | Pan      | Lost mutation: You have supernaturally acute eyesight.
                  | (SInv) [potion of mutation]
 56603 | Pan      | Lost mutation: You passively map a small area around you.
                  | [potion of mutation]
 56603 | Pan      | Gained mutation: You are strong-willed. (Will+) [potion of
                  | mutation]
 56603 | Pan      | Gained mutation: You have a somewhat thin skeletal
                  | structure. (Dex +2, Stealth+) [potion of mutation]
 56603 | Pan      | Gained mutation: Your flesh is almost immune to the effects
                  | of heat. (rF+++) [potion of mutation]
 56603 | Pan      | Gained mutation: Your muscles are strong. (Str +4, Int/Dex
                  | -1) [potion of mutation]
 56699 | Pan      | Found an exit through the horrors of the Abyss.
 56738 | Pan      | Identified the ring "Bihiucs" {Wiz Dex+3}
 56761 | Pan      | Identified the "Veecsoso"
 56769 | Depths:2 | Escaped Pandemonium
 56771 | Pan      | Entered the realm of Mnoleg.
 56771 | Pan      | Entered Pandemonium
 56771 | Pan      | Found an exit through the horrors of the Abyss.
 56878 | Pan      | Noticed Mnoleg
 56908 | Pan      | Killed Mnoleg
 56918 | Pan      | Got a glowing rune of Zot
 57146 | Pan      | Entered the realm of Gloorx Vloq.
 57277 | Pan      | Noticed Gloorx Vloq
 57305 | Pan      | Found an exit through the horrors of the Abyss.
 57904 | Pan      | Killed from afar by Gloorx Vloq

Illustrated notes

Levels and vault maps discovered:
D:1:      dpeg_arrival_central, layout_loops_corners
D:2:      layout_loops_ring, minmay_stone_trees_small
D:3:      layout_loops_ring, lemuel_crystal_altar, uniq_ijyb
D:4:      layout_loops_cross, nicolae_overflow_two_pavilions,
          mainiacjoe_ossuary_entry_dusty_tomb, chequers_serial_rivers_room_b
D:5:      layout_cave_pools, cheibrodos_ashenzari_chains,
          nicolae_gozag_seed_capital, lemuel_temple_firewalk_b
D:6:      layout_basic, old_standard_altar, nicolae_stop_n_shop_2,
          chequers_serial_rivers_micro_d
D:7:      layout_loops_cross, trog_ov_bears_minmay, hangedman_glass_garden,
          minmay_the_grid_2x2 [minmay_the_grid_garden,
          minmay_the_grid_outer_circle, minmay_the_grid_fan,
          minmay_the_grid_prize_trominoes], uniq_joseph, uniq_menkaure
D:8:      minmay_goldmine, layout_basic
D:9:      layout_long_grid, minmay_ruffians
D:10:     layout_irregular_city, dpeg_oklobed_lair, serial_shops, shop_fountains
D:11:     layout_roguey, gammafunk_ghost_split
D:12:     evilmike_library_of_no_secrets, layout_irregular_city, orc_0_dummy,
          gauntlet_entry_generic, minmay_misc_feat_diagonals
D:13:     layout_roguey, grunt_vaults_entry_fortified
D:14:     layout_loops_ring, kennysheep_big_empty_room
D:15:     grunt_enter_depths_snipers, layout_loops_cross, serial_park_avenue1,
          uniq_nessos
Temple:   eino_wide_crystal_templ
Lair:1:   wad_woods_stonehenge, layout_regular_city,
          nicolae_quartered_pool_little, serial_bayou_shore_a, uniq_grum
Lair:2:   layout_regular_city, nicolae_spider_entry_orb_guardian, uniq_erica
Lair:3:   dreamdust_labyrinth, layout_small_grid, minmay_shoals_entry_centaurs,
          evilmike_ambush [evilmike_ambush_outer_basic,
          evilmike_ambush_inner_basic]
Lair:4:   layout_gridlike, serial_bayou_pond_e, minivault_26
Lair:5:   minmay_lair_end_frog_pond, layout_regular_city,
          dpeg_slime_entry_enclosed, nicolae_volcano_entry_lava_flow
Shoals:1: layout_shoals, nicolae_shop_firing_range, uniq_donald
Shoals:2: layout_shoals, nicolae_shoals_so_close, uniq_ilsuiw, uniq_nikola,
          uniq_roxanne
Shoals:3: layout_shoals, serial_shops, nicolae_shop_back_alley_shop,
          gammafunk_ghost_arena, serial_nicolae_subway,
          nicolae_sub_station_metal, nicolae_sub_station_stone,
          nicolae_sub_station_crystal, uniq_polyphemus
Shoals:4: shoals_end_hellmonk_storm_palace [storm_palace_center_ruins,
          storm_palace_corner_altar, storm_palace_corner_altar,
          storm_palace_corner_altar, storm_palace_corner_pillars], uniq_kirke
Spider:1: nicolae_spider_obnoxious_hallway, nicolae_spider_spiderdrome
Spider:2: layout_cave_pods
Spider:3: layout_spider_delve, uniq_arachne, uniq_asterion
Spider:4: hellmonk_spider_rune_bug_friends
Slime:1:  layout_caves
Slime:2:  cheibrodos_slime_lost_civilization_9, layout_caves
Slime:3:  layout_caves
Slime:4:  cheibrodos_slime_lost_civilization_1, layout_caves
Slime:5:  slime_pit_nicolae_jellycorners
Orc:1:    layout_caves, gammafunk_ghost_cemetery, uniq_snorg, uniq_harold
Orc:2:    grunt_orc_tribal_feast, layout_diamond_mine, mines5_lemuel
Elf:1:    layout_gridlike, portal_desolation_entry_garden,
          minmay_elf_demonology, dreamdust_mushroom_princess
Elf:2:    nicolae_elf_blades_crystal_corner, layout_geoelf_grid,
          guppyfry_library_mini
Elf:3:    grunt_elf_hall_branching, layout_gridlike, serial_shops,
          nicolae_shop_rolling_square, nicolae_shop_clearance
Vaults:1: v_misc_23, vaults_dpeg_diagonal, vaults_room_fours,
          nicolae_vaults_offset_grid_hallway_2, ontoclasm_vaults_bender,
          nicolae_vaults_yaktaur_gun_rack, v_pattern_4, grunt_vaults_focal,
          nicolae_vaults_six-pack, ontoclasm_vaults_eye,
          nicolae_vaults_alarming, layout_vaults_omnicross
Vaults:2: nicolae_vaults_trapezoid_2, minmay_crypt_entry_simple_sparse,
          nicolae_vaults_oval_intersection, vaults_dpeg_hooks,
          nicolae_vaults_frosty_reception, nicolae_vaults_crenellated_ambush,
          nicolae_vaults_theta, nicolae_vaults_specimen_jars,
          vaults_standard_mumra_x, v_misc_5, hangedman_vaults_slice,
          nicolae_vaults_trapezoid_2, vaults_room_door_hall,
          ontoclasm_vaults_twist, vaults_room_boxed, layout_vaults_maze_snakey
Vaults:3: nicolae_vaults_closet_pinwheel_2, nicolae_vaults_circle_grid_a,
          nicolae_vaults_storage_closets_1, grunt_vaults_twisty,
          vaults_room_pool, v_rooms_4, v_misc_27, nicolae_vaults_trapezoid_3,
          nicolae_vaults_two_Ls, nicolae_vaults_six-pack,
          layout_vaults_chaotic_city
Vaults:4: dpeg_vaults_monster_box, nicolae_vaults_thirteen_compartments,
          hangedman_vaults_nodes, v_alt_pattern_1, v_rooms_6,
          nicolae_vaults_hexular_roomagon, hangedman_vaults_stretched_pinwheel,
          nicolae_vaults_little_squares_1, nicolae_vaults_trapezoid_1,
          vaults_dpeg_encased_lava, layout_vaults_ring, uniq_frederick
Vaults:5: serial_shops
Crypt:1:  layout_regular_city, basic_altar, uniq_sojobo
Crypt:2:  layout_misc_corridors, basic_altar
Crypt:3:  cryptofortress_bobbens
Depths:1: layout_cave_shapes, pf_hell_entry_tar_spiral, cheibriados_altar_1,
          minmay_gold_behind_fungi, lemuel_flamethrower_2, minmay_shop_star,
          uniq_saint_roka
Depths:2: minmay_four_inscribed_fans, layout_cave_pools, enter_ziggurat_e,
          hell_entry, gammafunk_ghost_wrathful_warriors, pan_entry,
          hangedman_abyss_or_decor_stagger, minivault_16
Depths:3: minmay_bubble_buster, layout_basic, abyss_entry,
          nicolae_trove_entry_diagonal, pf_coc_iceberg,
          kennysheep_generic_room_5, minmay_shoptagon
Depths:4: evilmike_zot_entry_hall, layout_cave_pools, dreamdust_wishing_well,
          mu_enter_wizlab_6, grunt_hell_horde
Hell
Zot:1:    layout_gridville, hellmonk_formless_pools
Pan:      nicolae_pan_glass_arcs, layout_long_grid, nicolae_pan_door_chamber,
          layout_stronghold, pan_blood_fountain_2, evilmike_mini_pan_thingy,
          layout_onion_city, reaverb_pan_squares,
          evilmike_mini_pan_other_thingy, layout_small_grid,
          nicolae_pan_mnolegish_2, nicolae_the_louvre,
          regret_index_pan_draining_boxed, layout_long_grid, rand_demon_4,
          layout_grid_shapes, lom_lobon_spiral_st, layout_rooms,
          pan_blood_fountain_small, evilmike_mini_pan_branches,
          layout_cellular_growth, nicolae_pan_lom_lobonic_1,
          nicolae_pan_sigil_nadil, evilmike_cerebov_lava, layout_pan_divisions_a
          [pan_division_quadrant_a5, pan_division_quadrant_a2,
          pan_division_quadrant_a6, pan_division_quadrant_a2,
          pan_division_octagon_halves], evilmike_mini_pan_doors,
          layout_gridlike, evilmike_mini_pan_pillars_b, layout_cellular_growth,
          mnoleg, layout_small_grid, pan_blood_fountain_small,
          nicolae_pan_gloorx_vloqian_2, evilmike_mini_pan_pillars,
          layout_chambers, gloorx_vloq_grunt_torture_chamber, layout_basic

Skill      XL: |  1  2  3  4  5  6  7  8  9 10 11 12 13 14 15 16 17 18 19 20 21 22 23 24 25 26 27 |
---------------+----------------------------------------------------------------------------------+-----
Spellcasting   | 4 5 6 7 8 9 10 11 12 13 14 15 16 17 18 19 20 21 25 | 25.8
Conjurations   | 4 5 6 7 8 9 10 11 12 13 14 15 16 17 18 19 20 21 25 | 25.8
Hexes          | 4 5 6 7 8 9 10 11 12 13 14 15 16 17 18 19 20 21 25 | 25.8
Summonings     | 4 5 6 7 8 9 10 11 12 13 14 15 16 17 18 19 20 21 25 | 25.8
Necromancy     | 4 5 6 7 8 9 10 11 12 13 14 15 16 17 18 19 20 21 25 | 25.8
Translocations | 4 5 6 7 8 9 10 11 12 13 14 15 16 17 18 19 20 21 25 | 25.8
Transmutations | 4 5 6 7 8 9 10 11 12 13 14 15 16 17 18 19 20 21 25 | 25.8
Fire Magic     | 4 5 6 7 8 9 10 11 12 13 14 15 16 17 18 19 20 21 25 | 25.8
Ice Magic      | 4 5 6 7 8 9 10 11 12 13 14 15 16 17 18 19 20 21 25 | 25.8
Air Magic      | 4 5 6 7 8 9 10 11 12 13 14 15 16 17 18 19 20 21 25 | 25.8
Earth Magic    | 4 5 6 7 8 9 10 11 12 13 14 15 16 17 18 19 20 21 25 | 25.8
Poison Magic   | 4 5 6 7 8 9 10 11 12 13 14 15 16 17 18 19 20 21 25 | 25.8
Fighting       | 2 4 5 7 8 9 10 11 12 13 14 15 16 17 18 19 20 23 | 23.6
Armour         | 2 4 5 6 8 9 10 13 | 13.1
Shields        | 2 4 5 6 7 8 10 11 12 13 14 15 | 15.0
Evocations     | 2 4 5 7 8 9 10 11 12 | 12.0
Dodging        | 4 5 6 9 11 13 14 15 16 17 18 19 20 | 20.0
Shapeshifting  | 3 6 8 10 14 23 | 23.0
Throwing       | 6 |  6.0
Stealth        | |  1.5

Action                     |  1- 3 |  4- 6 |  7- 9 | 10-12 | 13-15 | 16-18 | 19-21 | 22-24 | 25-27 || total
---------------------------+-------+-------+-------+-------+-------+-------+-------+-------+-------++-------
  Melee: Club              |       |     3 |    16 |       |       |       |       |       |       ||    19
         Trident           |       |       |       |     2 |     4 |       |       |       |       ||     6
         Staff             |       |       |       |       |     5 |    11 |     9 |     7 |    49 ||    81
         Bo                |       |       |       |       |       |       |       |       |    12 ||    12
  Throw: Dart              |       |       |       |       |     1 |     2 |     4 |       |       ||     7
         Throwing net      |       |       |       |       |       |       |       |       |     1 ||     1
   Cast: Magic Dart        |    17 |    16 |    31 |       |     1 |       |       |       |       ||    65
         Searing Ray       |     4 |    18 |    70 |    76 |    27 |     9 |     1 |       |       ||   205
         Fulminant Prism   |       |     3 |    10 |    55 |    63 |    69 |    46 |     5 |     3 ||   254
         Call Imp          |       |     1 |     2 |       |       |       |       |       |       ||     3
         Iskenderun's Myst |       |       |    15 |    17 |    90 |    82 |   129 |    97 |   118 ||   548
         Gell's Gravitas   |       |       |     1 |       |       |       |     8 |    27 |     4 ||    40
         Arcjolt           |       |       |       |    33 |    98 |    57 |   109 |   106 |   150 ||   553
         Fireball          |       |       |       |       |    68 |    82 |   120 |    26 |    11 ||   307
         Starburst         |       |       |       |       |    40 |   104 |   129 |    66 |   113 ||   452
         Summon Small Mamm |       |       |       |       |       |     3 |       |     1 |       ||     4
         Enfeeble          |       |       |       |       |       |     4 |       |       |     1 ||     5
         Dazzling Flash    |       |       |       |       |       |     1 |       |       |       ||     1
         Monstrous Menager |       |       |       |       |       |       |     4 |       |       ||     4
         Orb of Destructio |       |       |       |       |       |       |    43 |   192 |   475 ||   710
         Malign Gateway    |       |       |       |       |       |       |       |     1 |     6 ||     7
         Maxwell's Capacit |       |       |       |       |       |       |       |       |    24 ||    24
         Polar Vortex      |       |       |       |       |       |       |       |       |   133 ||   133
         Passage of Golubr |       |       |       |       |       |       |       |       |     3 ||     3
 Invoke: Call Merchant     |       |       |     1 |       |     2 |     2 |     2 |     1 |     8 ||    16
Ability: Begin Untransform |       |       |       |       |       |       |       |       |     8 ||     8
         Siphon Essence    |       |       |       |       |       |       |       |       |     1 ||     1
  Evoke: Wand              |       |       |     4 |     8 |     8 |    11 |    13 |    12 |    15 ||    71
         Lightning rod     |       |       |       |       |     6 |       |     4 |     5 |       ||    15
         Phantom mirror    |       |       |       |       |       |       |     1 |     1 |       ||     2
    Use: Scroll            |       |       |    16 |    12 |     5 |     4 |     7 |     5 |    28 ||    77
         Potion            |       |       |       |       |     5 |     6 |     5 |       |    26 ||    42
 Armour: Robe              |     6 |    10 |    43 |       |       |       |       |       |       ||    59
         Leather armour    |       |       |     9 |    38 |       |       |       |       |       ||    47
         Ring mail         |       |       |       |    17 |    94 |    81 |   142 |   159 |   599 ||  1092
  Dodge: Dodged            |     2 |     9 |    62 |    73 |   160 |   164 |   253 |   171 |   570 ||  1464
         Repelled          |       |       |       |       |     1 |     4 |    11 |    14 |    27 ||    57
  Block: Buckler           |       |       |     1 |    28 |    52 |    50 |     2 |       |       ||   133
         Kite shield       |       |       |       |       |       |       |   220 |   192 |   663 ||  1075
Riposte: Staff             |       |       |       |       |       |       |       |       |   117 ||   117
         Bo                |       |       |       |       |       |       |       |       |     4 ||     4
   Form: Death             |       |       |       |       |       |       |       |       |     9 ||     9

Table legend: (Time is in decaauts)
 A = Elapsed time spent in this place.
 B = Non-inter-level travel time spent in this place.
 C = Inter-level travel time spent in this place.
 D = Time resting spent in this place.
 E = Time spent auto-exploring this place.
 F = Levels seen in this place.
 G = Mean time per level.
                   A        B        C        D        E       F      G
               +--------+--------+--------+--------+--------+-----+--------+
         Total |  57962 |  53063 |   4899 |   3759 |  32959 |  97 |  597.5 |
       Dungeon |  13745 |  11573 |   2172 |    260 |   8709 |  15 |  916.3 |
        Temple |      3 |      3 |      0 |      0 |      0 |   1 |    3.0 |
          Lair |   4913 |   4344 |    569 |     59 |   3171 |   5 |  982.6 |
        Shoals |   3245 |   3088 |    157 |    124 |   2070 |   4 |  811.2 |
   Spider Nest |   3327 |   3126 |    201 |    254 |   2126 |   4 |  831.8 |
    Slime Pits |   1780 |   1732 |     48 |    185 |   1098 |   5 |  356.0 |
  Orcish Mines |   1559 |   1350 |    209 |      0 |   1077 |   2 |  779.5 |
   Elven Halls |   2563 |   2411 |    152 |    129 |   1129 |   3 |  854.3 |
        Vaults |   7190 |   6641 |    549 |     74 |   4924 |   5 | 1438.0 |
         Crypt |   2871 |   2742 |    129 |      0 |   1919 |   3 |  957.0 |
        Depths |   5090 |   4403 |    687 |    515 |   2630 |   4 | 1272.5 |
          Hell |    789 |    769 |     20 |    243 |    314 |   1 |  789.0 |
           Zot |      6 |      5 |      1 |      0 |      0 |   1 |    6.0 |
         Abyss |    207 |    207 |      0 |      0 |     80 |   6 |   34.5 |
   Pandemonium |   6512 |   6512 |      0 |   1365 |   2119 |  14 |  465.1 |
      Ziggurat |   1779 |   1779 |      0 |     71 |    845 |  19 |   93.6 |
       Ossuary |    316 |    316 |      0 |    125 |    107 |   1 |  316.0 |
       Volcano |    186 |    186 |      0 |     28 |     50 |   1 |  186.0 |
        Wizlab |    534 |    534 |      0 |     70 |    178 |   1 |  534.0 |
    Desolation |    975 |    975 |      0 |    203 |    252 |   1 |  975.0 |
      Gauntlet |    361 |    361 |      0 |     54 |    160 |   1 |  361.0 |
               +--------+--------+--------+--------+--------+-----+--------+

Top non-repeatable levels by time:
Vaults:5: 2075 daAuts
Depths:2: 1632 daAuts
Vaults:3: 1449 daAuts
Vaults:1: 1336 daAuts
    D:15: 1323 daAuts
Depths:3: 1317 daAuts
Vaults:2: 1304 daAuts
     D:6: 1294 daAuts
   Elf:3: 1286 daAuts
Depths:1: 1271 daAuts
 Crypt:3: 1253 daAuts
  Lair:5: 1182 daAuts
     D:8: 1115 daAuts
 Slime:4: 1054 daAuts
Vaults:4: 1025 daAuts
